 Dungeon Crawl Stone Soup version 0.30.1-3-gfc49f6343a (webtiles) character file.

Game seed: 5020662647012665713

520 monsoonserge the Magician (level 7, -4/46 HPs)
             Began as a Djinni Hedge Wizard on Aug 5, 2023.
             Was an Initiate of Ru.
             Slain by an iguana (5 damage)
             ... on level 5 of the Dungeon.
             The game lasted 00:22:01 (4689 turns).

monsoonserge the Magician (Djinni Hedge Wizard)     Turns: 4689, Time: 00:22:02

Health: -4/46      AC:  5    Str:  9    XL:     7   Next: 45%
Gold:   230        EV: 12    Int: 17    God:    Ru [......] SH:  0 Dex: 22

rFire   + + .        C - +2 whip "Huammi" {flame, Dex+3 SInv}
rCold   x . .        (no shield)
rNeg    . . .        i - +0 leather armour
rPois   ∞            A - +0 helmet
rElec   .            (no cloak)
rCorr   .            c - +0 pair of gloves
SInv    +            (boots unavailable)
Will    .....        (no amulet)
Stlth   ++           x - +6 ring of dexterity
HPRegen 0.27/turn    (no ring)
MPRegen 0.00/turn

%: infuse magic (-5 HP)
@: flying
A: sickness immunity, fire resistance 2, cold vulnerability 1, float, innate
caster, HP casting, extra vitality 1
a: Renounce Religion


You were on level 5 of the Dungeon.
You worshipped Ru.
Ru was noncommittal.
You visited 2 branches of the dungeon, and saw 6 of its levels.

You collected 230 gold pieces.

Inventory:

Hand Weapons
 C - the +2 whip "Huammi" (weapon) {flame, Dex+3 SInv}
   (You found it on level 5 of the Dungeon)

   Dex:       It affects your dexterity (+3).
   SInv:      It lets you see invisible.
Missiles
 m - 10 poisoned darts
 y - 3 datura-tipped darts
 B - a boomerang
Armour
 c - a +0 pair of gloves (worn)
 i - a +0 leather armour (worn)
 A - a +0 helmet (worn)
Magical Staves
 g - a staff of cold
Jewellery
 x - a +6 ring of dexterity (left hand)
Scrolls
 a - 2 scrolls of immolation {unknown}
 b - a scroll of butterflies {unknown}
 d - 7 scrolls of identify {unknown}
 f - a scroll of fear {unknown}
 h - 2 scrolls of acquirement {unknown}
 j - a scroll of amnesia {unknown}
 k - a scroll of fog {unknown}
 l - a scroll of teleportation {unknown}
 p - a scroll of silence {unknown}
 q - a scroll of vulnerability {unknown}
 t - a scroll of torment {unknown}
Potions
 n - a potion of magic {unknown}
 o - 2 potions of brilliance {unknown}
 r - 2 potions of haste {unknown}
 s - 2 potions of curing {unknown}
 u - a potion of heal wounds {unknown}
 v - 2 potions of attraction {unknown}
 w - 2 potions of lignification {unknown}


   Skills:
 + Level 0.7 Fighting
 + Level 0.6(0.7) Short Blades
 + Level 0.2(0.4) Long Blades
 * Level 2.5 Armour
 + Level 2.4 Dodging
 + Level 1.9 Stealth
 * Level 5.4 Spellcasting


You knew the following spells:

 Your Spells              Type           Power      Damage    Failure   Level
a - Magic Dart            Conj           92%        1d7       1%          1
b - Slow                  Hex            92%        N/A       1%          1
c - Blink                 Tloc           46%        N/A       3%          2
d - Call Imp              Summ           46%        N/A       3%          2
e - Mephitic Cloud        Conj/Pois/Air  23%        N/A       6%          3
f - Necrotise             Necr           92%        1d8       1%          1
g - Momentum Strike       Conj/Tloc      46%        3d9       3%          2
h - Swiftness             Air            23%        N/A       6%          3
Your spell library was empty.

Dungeon Overview and Level Annotations

Branches:
Dungeon (5/15)             Temple (1/1) D:5

Altars:
Ashenzari
Cheibriados
Dithmenos
Fedhas
Hepliaklqana
Makhleb
Nemelex Xobeh
Qazlal
Ru
Trog
Uskayaw
Wu Jian
Yredelemnul
Zin
The Shining One

Shops:
D:3 (   D:4 (*(**


Innate Abilities, Weirdness & Mutations

You are immune to sickness and miasma.
You are immune to poison.
Your flesh is very heat resistant. (rF++)
You are vulnerable to cold. (rC-)
You float through the air rather than walking.
You learn spells naturally, not from books.
Your magical power is your life essence.
You have superior vitality. (+4 MHP)


Message History

The iguana appears confused.
The iguana bites itself!
Your cerulean imp hits the black bear but does no damage.
You hit the black bear. You burn the black bear.
The black bear is severely wounded.
The scorpion stings the shadow imp.
The black bear is engulfed in noxious fumes.
The black bear bites you. The black bear claws you.
* * * LOW HITPOINT WARNING * * *
The black bear barely misses you. The shadow imp misses you.
The iguana is engulfed in noxious fumes.
The iguana appears confused.
The iguana completely misses the shadow imp.
Your cerulean imp hits the black bear from afar with a -2 spear.
You barely miss the black bear.
The black bear is severely wounded.
The scorpion stings the shadow imp.
The shadow imp is killed!
The hound bites the orc but does no damage.
The black bear is engulfed in noxious fumes.
The black bear bites you.
* * * LOW HITPOINT WARNING * * *
The black bear claws you.
* * * LOW HITPOINT WARNING * * *
The black bear claws you.
* * * LOW HITPOINT WARNING * * *
The black bear bites itself.
The black bear claws itself. x2
The scorpion closely misses the orc wizard.
Your cerulean imp completely misses the black bear.
Casting: Mephitic Cloud (dangerous; 6% risk of failure)
Confirm with . or Enter, or press ? or * to list all spells.
Aiming: Necrotise (safe; 1% risk of failure)
Press: ? - help, Shift-Dir - straight line, f - black bear
Aim: a black bear (noxious fumes, almost dead, confused, ally target, chance to affect: 81%)
The black bear writhes in agony.
You kill the black bear!
* * * LOW HITPOINT WARNING * * *
The dead are walking!
The scorpion misses the orc wizard.
The iguana is engulfed in noxious fumes.
The iguana appears confused.
The iguana bites you.
You die...

#...#......###.#.##.
#...##.....##..#.##.
+...##......#5......
#...####............
#...# ######.<.....
#...# #...####......
#...##.....##.......
#..○#sl.....#.......
#5Z@lSo.....#..#####
#..°#o......#..#
#...##..h..##..#
.....# #...###..#
####### #### #..#
.... #..#. #y...
#y.. #


You could see a scorpion (confused), 2 iguanas, a hound (confused), an orc
wizard (invisible), an adder, an orc, a friendly cerulean imp (summoned) and a
friendly black bear skeleton.

Vanquished Creatures
  A black bear (D:5)
  An ogre (D:5)
  A scorpion (D:5)
  A hound (D:5)
  A jelly (D:5)
  A sleepcap (D:4)
  Robin (D:3)
  3 gnolls (D:4)
  5 adders
  2 shadow imps
  An ufetubus (D:5)
  3 worms
  6 dart slugs
  8 orcs
  5 ball pythons
  6 endoplasms
  3 giant cockroaches
  12 hobgoblins
  9 jackals
  9 kobolds
  A quokka (D:3)
  6 bats
  4 frilled lizards
  10 goblins
  13 rats
113 creatures vanquished.

Vanquished Creatures (collateral kills)
  A jelly (D:4)
  A gnoll (D:1)
  An adder (D:4)
  An orc (D:3)
  A bat (D:1)
  4 goblins (D:4)
  A jackal (D:1)
  A quokka (D:4)
  A ball python (D:1)
12 creatures vanquished.

Grand Total: 125 creatures vanquished

Notes
Turn   | Place    | Note
-------+----------+-------------------------------------------
     0 | D:1      | monsoonserge the Djinni Hedge Wizard began the quest for
                  | the Orb.
     0 | D:1      | monsoonserge set off with the following spells memorised:
                  | Magic Dart, Slow, Blink, Call Imp, Mephitic Cloud.
     0 | D:1      | Reached XP level 1. HP: 15/15 MP: 0/0
   269 | D:1      | Reached XP level 2. HP: 8/21 MP: 0/0
   410 | D:1      | Reached skill level 3 in Spellcasting
   535 | D:1      | Reached XP level 3. HP: 16/25 MP: 0/0
   535 | D:1      | Learned a level 1 spell: Necrotise
  1112 | D:1      | Reached XP level 4. HP: 29/31 MP: 0/0
  1342 | D:2      | Reached skill level 1 in Armour
  1906 | D:2      | Reached XP level 5. HP: 26/35 MP: 0/0
  1906 | D:2      | Learned a level 2 spell: Momentum Strike
  1933 | D:2      | Found a faded altar of an unknown god.
  3084 | D:3      | Reached skill level 4 in Spellcasting
  3091 | D:3      | Found Vumuguew's Antique Weapon Shoppe.
  3094 | D:3      | You are sucked into a shaft and drop 2 floors!
  3094 | D:5      | Entered Level 5 of the Dungeon
  3260 | D:4      | Reached XP level 6. HP: 28/40 MP: 0/0
  3283 | D:4      | Found Qolumn's Weapon Shop.
  3288 | D:4      | Found Nisowkol's Assorted Antiques.
  3630 | D:4      | Found Riomifra's Antique Weapon Emporium.
  3779 | D:4      | Noticed Robin
  3867 | D:3      | Killed Robin
  3971 | D:4      | Found Vitreukk's Assorted Antiques.
  4132 | D:4      | Found Moodizip's General Store.
  4424 | D:5      | Reached skill level 5 in Spellcasting
  4424 | D:5      | Reached XP level 7. HP: 30/45 MP: 0/0
  4424 | D:5      | Learned a level 3 spell: Swiftness
  4487 | D:5      | Identified the +2 whip "Huammi" {flame, Dex+3 SInv}
  4512 | D:5      | Found a staircase to the Ecumenical Temple.
  4525 | Temple   | Entered the Ecumenical Temple
  4525 | Temple   | Found a transporter.
  4525 | Temple   | Found a transporter.
  4527 | Temple   | Found a transporter.
  4527 | Temple   | Found a transporter.
  4568 | Temple   | Became a worshipper of Ru the Awakened
  4688 | D:5      | HP: 2/46 [black bear (2)]
  4689 | D:5      | Slain by an iguana

Illustrated notes

Levels and vault maps discovered:
D:1:      lightli_arrival_windingriver, layout_loops_corners
D:2:      layout_basic, shapermc_ecumenical_altar_petra
D:3:      layout_loops_ring, serial_shops, nicolae_shop_peninsula,
          roderic_serpentine_path
D:4:      layout_gridville, serial_shops, shop,
          nicolae_shop_temple_entry_statues_fountains,
          nicolae_shop_overgrown_old_shop, nicolae_shop_bloodbath_and_beyond,
          shop_statue, minivault_1, uniq_robin
D:5:      minmay_opposing_rooms, layout_basic,
          gammafunk_temple_overflow_elements,
          minmay_temple_entry_statues_fountains
Temple:   hellmonk_temple_divided_pantheon

Skill      XL: |  1  2  3  4  5  6 |
---------------+-------------------+-----
Spellcasting   | 3 4 5 |  5.4
Armour         | 1 2 |  2.5
Fighting       | |  0.7
Short Blades   | |  0.6
Long Blades    | |  0.2
Dodging        | |  2.4
Stealth        | |  1.9

Action                     |  1- 3 |  4- 6 |  7- 9 || total
---------------------------+-------+-------+-------++-------
  Melee: Dagger            |     4 |    12 |       ||    16
         Short sword       |    12 |    37 |       ||    49
         Long sword        |       |     2 |     1 ||     3
         Whip              |       |       |    11 ||    11
         Punch             |       |       |     1 ||     1
   Cast: Magic Dart        |    39 |    34 |     2 ||    75
         Call Imp          |     3 |     5 |     2 ||    10
         Necrotise         |    30 |   126 |     7 ||   163
         Mephitic Cloud    |       |     7 |     5 ||    12
         Momentum Strike   |       |     2 |       ||     2
         Blink             |       |     1 |       ||     1
   Stab: Sleeping          |     1 |     8 |       ||     9
         Confused          |       |     3 |     1 ||     4
 Armour: Robe              |     6 |       |       ||     6
         Leather armour    |       |    27 |     2 ||    29
  Dodge: Dodged            |    39 |    81 |     7 ||   127
